 Dungeon Crawl Stone Soup version 0.31.0-11-ge490571c62 (webtiles) character file.

Game seed: 16601497180937290136

660 qw the Ducker (level 7, 0/36 HPs)
             Began as a Spriggan Hunter on Feb 3, 2024.
             Was a Follower of Okawaru.
             Slain by Edmund
             ... wielding a +5 heavy dire flail
              (12 damage)
             ... on level 5 of the Dungeon.
             The game lasted 00:00:39 (3464 turns).

qw the Ducker (Spriggan Hunter)                     Turns: 3464, Time: 00:00:40

Health: 0/36       AC:  4    Str:  7    XL:     7   Next: 30%
Magic:  10/10      EV: 20    Int: 11    God:    Okawaru [*.....]
Gold:   186        SH:  0    Dex: 20    Spells: 6/6 levels left

rFire   . . .        a - +1 shortbow
rCold   . . .        (shield currently unavailable)
rNeg    . . .        j - +0 troll leather armour {Pargi}
rPois   .            (helmet restricted)
rElec   .            f - +0 cloak
rCorr   .            (gloves unavailable)
SInv    +            (boots unavailable)
Will    +....        i - amulet of regeneration
Stlth   ++           (no ring)
HPRegen 1.86/turn    (no ring)
MPRegen 0.12/turn

%: no passive effects
@: about to teleport, very quick
A: very small, no large weapons, unfitting armour, see invisible, speed 3
a: Renounce Religion, Heroism


You were on level 5 of the Dungeon.
You worshipped Okawaru.
Okawaru was aware of your devotion.
You visited 1 branch of the dungeon, and saw 5 of its levels.

You collected 186 gold pieces.


Innate Abilities, Weirdness & Mutations

You are very small and have problems with some larger weapons.
You are too small for most types of armour.
You have supernaturally acute eyesight. (SInv)
You cover ground extremely quickly. (Speed+++)


   Skills:
 - Level 3.0 Fighting
 + Level 6.3 Ranged Weapons
 - Level 6.3 Dodging
 - Level 1.5 Stealth
 + Level 2.9 Invocations


You had 6 spell levels left.
You didn't know any spells.
Your spell library was empty.

Inventory:

Hand Weapons
 a - a +1 shortbow (weapon)
Armour
 f - a +0 cloak (worn)
 j - a +0 troll leather armour (worn) {Pargi}
Jewellery
 i - an amulet of regeneration (around neck)
Wands
 g - a wand of quicksilver (5)
Scrolls
 d - 2 scrolls of teleportation
Potions
 c - 2 potions of curing
 e - a potion of enlightenment
 h - a potion of mutation

Dungeon Overview and Level Annotations

Branches:
Dungeon (5/15)             Temple (0/1) D:4

Altars:
Ashenzari
Nemelex Xobeh
Okawaru
The Shining One

Shops:
D:1 [   D:3 =

Annotations:
D:3 2 runed translucent doors, qw's ghost, amateur SpHu
D:5 Edmund


Message History

Edmund is lightly wounded.
You shoot an arrow. The arrow barely misses Edmund.
Edmund hits you with a +5 heavy dire flail!!
Ouch! That really hurt!
You shoot an arrow.
The arrow hits Edmund but does no damage.
Edmund is lightly wounded.
You shoot an arrow. The arrow hits Edmund.
Edmund is moderately wounded.
Edmund misses you.
You shoot an arrow.
The arrow hits Edmund but does no damage.
Edmund is moderately wounded.
Edmund closely misses you.
You shoot an arrow. The arrow hits Edmund.
Edmund is heavily wounded.
Edmund closely misses you.
You shoot an arrow. The arrow barely misses Edmund.
You shoot an arrow.
The arrow hits Edmund but does no damage.
Edmund is heavily wounded.
Edmund hits you with a +5 heavy dire flail!
You shoot an arrow. The arrow barely misses Edmund.
Edmund barely misses you.
You shoot an arrow. The arrow hits Edmund.
Edmund is heavily wounded.
Edmund hits you with a +5 heavy dire flail!
You shoot an arrow.
The arrow hits Edmund but does no damage.
Edmund is heavily wounded.
Edmund hits you with a +5 heavy dire flail.
3463 ||| READING 3 scrolls of teleportation.
As you read the scroll of teleportation, it crumbles to dust.
You feel strangely unstable.
You shoot an arrow.
The arrow hits Edmund but does no damage.
Edmund is heavily wounded.
Edmund hits you with a +5 heavy dire flail!
You die...
Edmund says, "I'd like to see a scythe do that!"

.. #######
....####.......
......@........
####@.......
#..........#
#....#
#..........#
#....#
#...........
+....#
#..........#
#....#
######+###)#
#....#
#.###....#
#...#....#
###......##


You could see Edmund.

Vanquished Creatures
  Duvessa (D:4)
  Pargi (D:3)
  A phantom (D:5)
  2 scorpions
  Dowan (D:4)
  2 iguanas (D:4)
  2 orc wizards (D:4)
  A gnoll (D:1)
  2 adders (D:2)
  4 ribbon worms
  5 orcs (D:4)
  5 bats
  4 endoplasms
  A giant cockroach (D:4)
  7 goblins
  8 hobgoblins
  6 jackals
  5 quokkas
  10 ball pythons
  5 frilled lizards
  9 kobolds
  4 rats
86 creatures vanquished.

Notes
Turn   | Place    | Note
-------+----------+-------------------------------------------
     0 | D:1      | qw the Spriggan Hunter began the quest for the Orb.
     0 | D:1      | Reached XP level 1. HP: 10/10 MP: 2/2
     0 | D:1      | 0 ||| qw: Version: 0.3-a-155-g5e7d8dd
     0 | D:1      | 0 ||| qw: Game counter: 3418
     0 | D:1      | 0 ||| qw: Melee chars always use a shield: true
     0 | D:1      | 0 ||| qw: God list: Okawaru
     0 | D:1      | 0 ||| qw: Allow faded altars: false
     0 | D:1      | 0 ||| qw: Do Orc after clearing Dungeon:15 true
     0 | D:1      | 0 ||| qw: Do second Lair branch before Depths: true
     0 | D:1      | 0 ||| qw: Lair rune preference: random
     0 | D:1      | 0 ||| qw: Goals: Normal
     0 | D:1      | 0 ||| PLANNING D:1-11
    60 | D:1      | Reached skill level 3 in Dodging
   143 | D:1      | 143 ||| READING scroll labelled JISOMEMUVO.
   157 | D:1      | Reached XP level 2. HP: 14/14 MP: 3/3
   258 | D:1      | Found a faded altar of an unknown god.
   546 | D:1      | Found Lypemy's Antique Armour Shop.
   565 | D:1      | Reached XP level 3. HP: 18/18 MP: 4/4
   804 | D:1      | 804 ||| READING scroll labelled CYECSAR OLUOJOCIZ.
   804 | D:1      | 804 ||| IDENTIFYING smoky brown potion
   805 | D:1      | 805 ||| READING scroll labelled LIMOUCHAC JATT.
   809 | D:1      | 809 ||| READING scroll labelled WOUQOA WEONG.
   810 | D:1      | 810 ||| READING scroll labelled KET ZAPLIAMPANK.
   810 | D:1      | 810 ||| ENCHANTING +0 shortbow.
   811 | D:1      | 811 ||| DROPPING scroll of butterflies.
  1320 | D:2      | Reached XP level 4. HP: 21/22 MP: 5/5
  1495 | D:2      | 1495 ||| UPGRADING to +0 cloak.
  1500 | D:2      | 1500 ||| READING 2 scrolls of identify.
  1500 | D:2      | 1500 ||| IDENTIFYING fuming orange potion
  1501 | D:2      | 1501 ||| READING scroll of identify.
  1501 | D:2      | 1501 ||| IDENTIFYING amethyst potion
  1502 | D:2      | 1502 ||| READING scroll labelled NIPHIU XAGI.
  1503 | D:2      | 1503 ||| DROPPING potion of lignification.
  1815 | D:3      | Found Axkalog's Jewellery Boutique.
  1823 | D:3      | 1823 ||| SHOPLISTING +5 ring of evasion (432 gold, have
                  | 110).
  1823 | D:3      | 1823 ||| SHOPLISTING amulet of faith (480 gold, have 110).
  1823 | D:3      | 1823 ||| SHOPLISTING amulet of guardian spirit (360 gold,
                  | have 110).
  1823 | D:3      | 1823 ||| SHOPLISTING ring of Recklessness {rPois Will+
                  | Str+2 Dex+6} (684 gold, have 110).
  1823 | D:3      | 1823 ||| SHOPLISTING ring of fire (300 gold, have 110).
  1847 | D:3      | Found a broken altar of Ashenzari.
  1848 | D:3      | Found an iron altar of Okawaru.
  1849 | D:3      | 1849 ||| PLANNING OKAWARU WORSHIP
  1874 | D:3      | Became a worshipper of Warmaster Okawaru
  1875 | D:3      | 1875 ||| PLANNING D:1-11
  1901 | D:3      | Noticed a scorpion
  1914 | D:3      | Killed a scorpion
  1915 | D:3      | Reached XP level 5. HP: 21/25 MP: 6/6
  2251 | D:3      | Found a large runed translucent door.
  2251 | D:3      | Found a large runed translucent door.
  2255 | D:3      | Noticed qw's ghost (amateur SpHu)
  2325 | D:3      | Noticed Pargi
  2326 | D:3      | 2326 ||| ZAPPING wand of quicksilver (10) at -2,6 (Pargi;
                  | floor).
  2327 | D:3      | 2327 ||| ZAPPING wand of quicksilver (9) at -1,5 (Pargi;
                  | floor).
  2328 | D:3      | 2328 ||| ZAPPING wand of quicksilver (8) at 0,4 (Pargi;
                  | floor).
  2329 | D:3      | 2329 ||| ZAPPING wand of quicksilver (7) at 0,3 (Pargi;
                  | floor).
  2330 | D:3      | 2330 ||| ZAPPING wand of quicksilver (6) at 0,2 (Pargi;
                  | floor).
  2330 | D:3      | Killed Pargi
  2331 | D:3      | Reached skill level 3 in Fighting
  2690 | D:3      | 2690 ||| UPGRADING to +0 troll leather armour {Pargi}.
  2700 | D:3      | 2700 ||| DROPPING +0 robe.
  2701 | D:3      | 2701 ||| UPGRADING to amulet of regeneration.
  2706 | D:3      | 2706 ||| READING 2 scrolls of identify.
  2706 | D:3      | 2706 ||| IDENTIFYING grey potion
  2707 | D:3      | 2707 ||| DROPPING potion of degeneration.
  2738 | D:4      | 2738 ||| STAIRDANCE
  2817 | D:4      | Reached XP level 6. HP: 27/32 MP: 7/7
  2907 | D:4      | Found a staircase to the Ecumenical Temple.
  2935 | D:4      | Reached * piety under Okawaru
  2940 | D:4      | Reached skill level 6 in Ranged Weapons
  2940 | D:4      | Reached skill level 1 in Invocations
  3100 | D:4      | Noticed Duvessa
  3101 | D:4      | 3101 ||| INVOKING Heroism.
  3102 | D:4      | Noticed Dowan
  3114 | D:4      | Killed Duvessa
  3115 | D:4      | Reached skill level 6 in Dodging
  3115 | D:4      | Reached XP level 7. HP: 14/36 MP: 6/9
  3116 | D:4      | 3116 ||| INVOKING Heroism.
  3123 | D:4      | Killed Dowan
  3378 | D:4      | 3378 ||| READING scroll of identify.
  3378 | D:4      | 3378 ||| IDENTIFYING 2 sedimented blue potions
  3379 | D:4      | 3379 ||| READING scroll labelled FUMA EDIOTU.
  3406 | D:5      | Entered Level 5 of the Dungeon
  3406 | D:5      | Found a glowing golden altar of the Shining One.
  3406 | D:5      | Found a sparkling altar of Nemelex Xobeh.
  3448 | D:5      | Noticed Edmund
  3462 | D:5      | HP: 8/36 [Edmund/+5 heavy dire flail (6)]
  3463 | D:5      | 3463 ||| READING 3 scrolls of teleportation.
  3464 | D:5      | Slain by Edmund

Levels and vault maps discovered:
D:1:      dpeg_arrival_long_road, layout_loops_ring, serial_shops, shop,
          shapermc_ecumenical_altar_notcrosses
D:2:      layout_loops_ring, minmay_tromino_v4_a
D:3:      layout_basic, mainiacjoe_overflow_divided_tiny,
          ebering_ghost_disaster_area, serial_shops, nicolae_shop_statue_plus,
          uniq_pargi
D:4:      layout_rooms, minmay_temple_entry_glassed_door, serial_aquarium,
          aquarium_bridge_straight [aquarium_subvault_bridge,
          aquarium_subvault_window, aquarium_subvault_bridge,
          aquarium_subvault_wall], aquarium_bridge_straight
          [aquarium_subvault_bridge, aquarium_subvault_window,
          aquarium_subvault_bridge, aquarium_subvault_wall],
          aquarium_window_fake, aquarium_window_1, aquarium_window_2,
          aquarium_view_2a, aquarium_view_2g, minivault_23,
          minmay_misc_feat_square, uniq_duvessa
D:5:      layout_basic, chequers_temple_overflow_statue_of_worship, uniq_edmund

Skill      XL: |  1  2  3  4  5  6 |
---------------+-------------------+-----
Dodging        | 3 4 5 6 |  6.3
Ranged Weapons | 5 6 |  6.3
Fighting       | 3 |  3.0
Invocations    | 2 |  2.9
Stealth        | |  1.5

Action                     |  1- 3 |  4- 6 |  7- 9 || total
---------------------------+-------+-------+-------++-------
   Fire: Shortbow          |   121 |   123 |    46 ||   290
 Invoke: Heroism           |       |     1 |     1 ||     2
  Evoke: Wand              |       |     5 |       ||     5
    Use: Scroll            |     5 |     4 |     3 ||    12
 Armour: Robe              |    20 |     6 |       ||    26
         Troll leather arm |       |     5 |     9 ||    14
  Dodge: Dodged            |    53 |    40 |    15 ||   108

Table legend:
 A = Non-vault XP
 B = Vault XP
 C = Vault XP percentage of total XP
 D = Non-vault monster count
 E = Vault monster count
 F = Vault count percentage of total count
                 A         B        C        D         E       F
            +---------+---------+-------+---------+---------+-------
      Total |     573 |     371 |  39.3 |      81 |       5 |   5.8
            +---------+---------+-------+---------+---------+-------
        D:1 |      57 |       0 |   0.0 |      27 |       0 |   0.0
        D:2 |      37 |      15 |  28.8 |      14 |       2 |  12.5
        D:3 |     107 |     138 |  56.3 |      16 |       1 |   5.9
        D:4 |     267 |     218 |  44.9 |      23 |       2 |   8.0
        D:5 |     105 |       0 |   0.0 |       1 |       0 |   0.0
            +---------+---------+-------+---------+---------+-------
